 Dungeon Crawl Stone Soup version 0.28-a0-8-g6e044cfa68 (webtiles) character file.

Game seed: 12695145522938067892

205006 Deep1 the Sorcerer (level 18, -3/98 HPs)
             Began as a Deep Elf Conjurer on July 22, 2021.
             Was an Initiate of Gozag.
             Killed by divine providence
             ... invoked by a deep elf high priest
              (15 damage)
             ... on level 3 of the Elven Halls on July 24, 2021.
             The game lasted 08:38:07 (40567 turns).

Deep1 the Sorcerer (Deep Elf Conjurer)             Turns: 40567, Time: 08:38:07

Health: -3/98      AC: 17    Str:  2    XL:     18   Next: 2%
Magic:  9/57       EV: 15    Int: 38    God:    Gozag
Gold:   6214       SH: 14    Dex: 19    Spells: 8/65 levels left

rFire   + + +      SeeInvis .   A - +8 falchion "Diuwk" {elec, rElec rF+ Dex+3}
rCold   . . .      Faith    .   R - +3 buckler {AC+3}
rNeg    . . .      Spirit   .   F - +2 robe {Will+}
rPois   +          Reflect  +   T - +2 helmet
rElec   +          Harm     .   J - scarf {repulsion}
rCorr   +          Rampage  .   X - +1 pair of gloves "Vilythutt" {rF+++ Regen+ rCorr Str-2}
Will    ++...                   G - +4 pair of boots of a bazaar {Dex+6}
Stlth   ++++......              a - amulet of reflection
HPRegen 1.26/turn               P - ring of the Will of the Gods {rPois Int+6 Dex-3 Slay+2 Stlth+}
MPRegen 0.35/turn               V - ring of magical power

@: about to teleport, gold aura, repel missiles
A: no striking features
}: 1/15 runes: decaying
a: Renounce Religion, Potion Petition, Call Merchant, Bribe Branch


You were on level 3 of the Elven Halls.
You worshipped Gozag.
Gozag was greatly pleased with you.
You visited 7 branches of the dungeon, and saw 32 of its levels.
You also visited: Bailey and Volcano.

You collected 10186 gold pieces.
You spent 3879 gold pieces at shops.
You paid 93 gold pieces to Gozag.

Inventory:

Hand Weapons
 x - the +4 hunting sling of the Lusting Soothsayer {venom, rF+}
   (You acquired it on level 7 of the Dungeon)

   Any ammunition fired from it poisons the flesh of those it strikes.
   rF:        It protects you from fire.
 A - the +8 falchion "Diuwk" (weapon) {elec, rElec rF+ Dex+3}
   (You found it on level 2 of the Elven Halls)

   It occasionally discharges a powerful burst of electricity upon striking a
   foe.
   Dex:       It affects your dexterity (+3).
   rF:        It protects you from fire.
   rElec:     It insulates you from electricity.
Missiles
 o - 87 sling bullets
Armour
 v - a +2 robe of cold resistance
 B - the +0 pair of boots of Umipycun {rC+}
   (You bought it in a shop on level 2 of the Orcish Mines)

   rC:        It protects you from cold.
 F - a +2 robe of willpower (worn)
 G - the +4 pair of boots of a bazaar (worn) {Dex+6}
   (You bought it in a shop on level 1 of the Elven Halls)

   Dex:       It affects your dexterity (+6).
 J - a scarf of repulsion (worn)
 R - a +3 buckler of protection (worn)
 T - a +2 helmet (worn)
 X - the +1 pair of gloves "Vilythutt" (worn) {rF+++ Regen+ rCorr Str-2}
   (You bought it in a shop on level 1 of the Elven Halls)

   Str:       It affects your strength (-2).
   rF:        It renders you almost immune to fire.
   Regen:     It increases your rate of health regeneration.
   rCorr:     It protects you from acid and corrosion.
Jewellery
 a - an amulet of reflection (around neck)
 j - a ring of positive energy
 m - a ring of protection from cold
 D - a ring of willpower
 P - the ring of the Will of the Gods (left hand) {rPois Int+6 Dex-3 Slay+2 Stlth+}
   (You found it on level 3 of the Swamp)

   [ring of intelligence]

   Int:       It affects your intelligence (+6).
   Dex:       It affects your dexterity (-3).
   Slay:      It affects your accuracy & damage with ranged weapons and melee
   (+2).
   rPois:     It protects you from poison.
   Stlth:     It makes you more stealthy.
 V - a ring of magical power (right hand)
Wands
 h - a wand of polymorph (4)
 u - a wand of charming (16)
 z - a wand of digging (13)
 M - a wand of iceblast (6)
 O - a wand of flame (18)
 Q - a wand of acid (3)
 S - a wand of mindburst (5)
Scrolls
 e - 6 scrolls of magic mapping
 l - 4 scrolls of vulnerability
 n - 8 scrolls of amnesia
 p - a scroll of enchant armour
 C - 3 scrolls of teleportation
 K - 2 scrolls of fear
 L - 2 scrolls of fog
Potions
 b - 4 potions of mutation
 c - 3 potions of cancellation
 f - 4 potions of haste
 g - 8 potions of curing
 i - a potion of berserk rage
 k - 4 potions of resistance
 q - 2 potions of brilliance
 r - a potion of ambrosia {unknown}
 t - 7 potions of flight
 w - a potion of invisibility {unknown}
 H - 3 potions of magic
Miscellaneous
 y - a box of beasts
 E - a piece from Xom's chessboard (15/15)
 U - a condenser vane
 W - a phial of floods
 Y - a lightning rod (4/4)


   Skills:
 + Level 6.1 Fighting
 + Level 7.8 Slings
 + Level 0.8(5.9) Throwing
 + Level 5.6 Dodging
 + Level 5.8 Stealth
 + Level 4.7 Shields
 * Level 24.2 Spellcasting
 + Level 15.9 Conjurations
 + Level 12.3 Hexes
 + Level 2.1 Summonings
 + Level 2.0 Necromancy
 + Level 10.6 Translocations
 + Level 1.9 Transmutations
 + Level 2.0 Fire Magic
 + Level 2.5 Ice Magic
 + Level 2.3 Air Magic
 + Level 4.8 Earth Magic
 + Level 2.1 Poison Magic
 + Level 5.5 Evocations


You had 8 spell levels left.
You knew the following spells:

 Your Spells              Type           Power      Damage    Failure   Level
a - Fireball              Conj/Fire      42%        3d17      1%          5
b - Searing Ray           Conj           100%       3d7       0%          2
c - Iskenderun's Mystic   Conj/Tloc      98%        2d19      1%          4
d - Fulminant Prism       Conj/Hex       50%        3d23      0%          4
e - Ozocubu's Armour      Ice            60%        N/A       1%          3
f - Leda's Liquefaction   Hex/Erth       42%        N/A       1%          4
g - Swiftness             Air            59%        N/A       1%          3
h - Blink                 Tloc           N/A        N/A       0%          2
i - Mephitic Cloud        Conj/Pois/Air  78%        N/A       1%          3
j - Gell's Gravitas       Tloc           45%        N/A       1%          3
k - Lesser Beckoning      Tloc           45%        N/A       1%          3
l - Teleport Other        Tloc           91%        N/A       1%          3
m - Passage of Golubria   Tloc           N/A        N/A       1%          4
n - Iron Shot             Conj/Erth      45%        9d9       1%          6
o - Dispersal             Tloc           45%        N/A       1%          6
p - Passwall              Tmut/Erth      53%        N/A       1%          2

Your spell library contained the following spells:

 Spells                   Type           Power      Damage    Failure   Level
 Magic Dart               Conj           100%       1d8       0%          1
 Shock                    Conj/Air       100%       1d9       0%          1
 Slow                     Hex            96%        N/A       0%          2
 Confusing Touch          Hex            96%        N/A       0%          3
 Dazzling Flash           Conj/Hex       100%       N/A       0%          3
 Portal Projectile        Hex/Tloc       100%       N/A       0%          3
 Tukima's Dance           Hex            96%        N/A       0%          3
 Animate Skeleton         Necr           100%       N/A       1%          1
 Beastly Appendage        Tmut           100%       N/A       1%          1
 Freeze                   Ice            100%       1d11      1%          1
 Pain                     Necr           100%       1d9       1%          1
 Sandblast                Erth           100%       2d20      1%          1
 Poisonous Vapours        Pois/Air       100%       N/A       1%          2
 Wereblood                Tmut           57%        N/A       1%          2
 Call Canine Familiar     Summ           58%        N/A       1%          3
 Spider Form              Tmut/Pois      29%        N/A       1%          3
 Vampiric Draining        Necr           28%        2d10      1%          3
 Airstrike                Air            29%        N/A       1%          4
 Animate Armour           Summ/Erth      100%       N/A       1%          4
 Freezing Cloud           Conj/Ice/Air   39%        6-21      1%          5
 Lee's Rapid Deconstruct  Erth           35%        3d19*     1%          5
 Manifold Assault         Tloc           91%        N/A       1%          5
 Yara's Violent Unravell  Hex/Tmut       39%        3d16      1%          5
 Starburst                Conj/Fire      42%        8x6d12    1%          6
 Blade Hands              Tmut           28%        N/A       6%          5
 Ozocubu's Refrigeration  Ice            30%        4d11      80%         7
 Ignition                 Fire           28%        3d9       100%        8


Dungeon Overview and Level Annotations

Branches:
Dungeon (15/15)            Temple (1/1) D:7            Lair (6/6) D:10
  Swamp (4/4) Lair:3       Spider (0/4) Lair:3        Slime (0/5) Lair:6
    Orc (2/2) D:11            Elf (3/3) Orc:2        Vaults (0/5) D:14
 Depths (1/5) D:15         Bailey (visited)         Volcano (visited)

Altars:
Ashenzari
Cheibriados
Dithmenos
Elyvilon
Fedhas
Gozag
Hepliaklqana
Kikubaaqudgha
Makhleb
Nemelex Xobeh
Okawaru
Qazlal
Ru
Sif Muna
Trog
Uskayaw
Vehumet
Wu Jian
Xom
Yredelemnul
Zin
The Shining One
Beogh

Shops:
D:5 *   D:8 [   D:9 *   D:11 [   D:14 [(!   D:15 :*   Orc:2 *[[(   Elf:1 [
Elf:3 *

Portals:
Trove: D:10 (give +8 demon trident)

Annotations:
Lair:6 3 runed translucent doors, Vorcheb's ghost, journeyman OpCj


Message History

The deep elf annihilator blinks!
The deep elf annihilator casts a spell at you.
The poison arrow hits your air elemental!
Your air elemental partially resists.
Your air elemental is destroyed!
The deep elf high priest mumbles some strange prayers to its god.
The deep elf high priest begins emitting a brilliant aura!
Your deep elf zephyrmancer barely misses the deep elf high priest.
As you read the scroll of teleportation, it crumbles to dust.
You feel strangely unstable.
The deep elf death mage seems to regain its courage.
The deep elf sorcerer casts a spell at you.
You resist with almost no effort.
The deep elf death mage gives up.
The deep elf death mage beckons forth a restless soul!
The deep elf death mage is empowered by the deep elf high priest's aura!
The deep elf sorcerer is empowered by the deep elf high priest's aura!
The deep elf death mage is empowered by the deep elf high priest's aura!
The deep elf sorcerer is empowered by the deep elf high priest's aura!
The deep elf elementalist is empowered by the deep elf high priest's aura!
The deep elf high priest mumbles some strange prayers to its god against you.
Something smites you!
* * * LOW HITPOINT WARNING * * *
A deep elf high priest comes into view. It is wielding a +0 long sword.
The deep elf high priest mumbles some strange prayers to its god against you.
Something smites you!
* * * LOW HITPOINT WARNING * * *
Your deep elf zephyrmancer completely misses the deep elf high priest.
Cornered, the deep elf sorcerer turns to fight!
Casting: Iskenderun's Mystic Blast (safe; 1% risk of failure)
Confirm with . or Enter, or press ? or * to list all spells.
You blink.
A deep elf high priest, a deep elf sorcerer, a deep elf death mage and a deep elf elementalist come into view.
The deep elf death mage seems to regain its courage.
The deep elf death mage is no longer distracted by gold.
The deep elf death mage is distracted by your dazzling golden aura.
The deep elf high priest calls down the wrath of its god upon you.
Something smites you!
You die...
Your body crumbles into a pile of gold.

##... #§§# .e#
#....§#§§#.....
. #.ee§e$..# ..
##§§.§..## .
...#.§.§§...#..
#.....eE.......
#............#
##.e.e......##
##...@....##
#e.e.......#
#.....e......#
#.....e........
...#e..ee...#..
.. ##......## .
. ...##... ...#
.... $


You could see a deep elf master archer (fleeing), a deep elf annihilator
(empowered, ally target), 2 deep elf death magi, 3 deep elf sorcerers, a deep
elf elementalist (empowered, repels missiles), 4 deep elf high priests, a
friendly water elemental (summoned) and a friendly deep elf zephyrmancer
(summoned).

Vanquished Creatures
  A bone dragon (Swamp:4)
  Jorgrun (Orc:2)
  A deep elf blademaster (Elf:3)
  A deep elf master archer (Elf:3)
  Gastronok (D:11)
  A fenstrider witch (Swamp:2)
  A deep elf sorcerer (Elf:3)
  An orc warlord (Bailey)
  A deep elf elementalist (Elf:3)
  2 ghouls (Swamp:3)
  2 deep elf demonologists
  The ghost of Vudysif the Protected, a journeyman GrFi of Uskayaw (Orc:1)
  Nessos (Lair:4)
  3 deep elf annihilators
  A dire elephant (Lair:6)
  A bunyip (Swamp:4)
  An eleionoma (Swamp:2)
  A deep elf death mage (Elf:3)
  Josephine (Orc:2)
  Snorg (D:12)
  A shambling mangrove (Swamp:4)
  Fannar (Lair:1)
  Harold (D:7)
  An ogre mage (D:15)
  5 boulder beetles
  11 hydras
  A spriggan air mage (Swamp:4)
  2 catoblepae
  6 centaur warriors
  A two-headed ogre (shapeshifter) (Elf:1)
  6 alligators
  3 two-headed ogres
  2 ghost crabs (Swamp:4)
  7 death yaks
  A deep troll shaman (Lair:6)
  A deep troll earth mage (Depths:1)
  A spriggan berserker (Swamp:4)
  Sonja (Orc:2)
  A hell knight (Volcano)
  2 orc high priests
  Urug (D:12)
  A sun demon (Volcano)
  17 deep elf knights
  5 skeletal warriors (D:14)
  3 swamp dragons
  A deep troll (Depths:1)
  6 goliath frogs (Swamp:2)
  9 deep elf archers
  9 bog bodies
  5 spriggan druids
  2 orc knights (Orc:2)
  A phantasmal warrior (Swamp:4)
  4 wizards
  A lindwurm (Lair:2)
  A necromancer (D:15)
  15 deep elf zephyrmancers
  3 orc sorcerers
  25 deep elf pyromancers
  2 oklob plants
  2 will-o-the-wisps
  4 cyclopes
  4 manticores
  16 ugly things
  6 black mambas
  A guardian serpent (Elf:2)
  Joseph (D:7)
  3 elephants (Lair:6)
  A naga mage (D:15)
  A gargoyle (D:12)
  An unseen horror (D:11)
  9 cane toads
  8 komodo dragons
  5 swamp worm zombies (Swamp:4)
  6 rime drakes
  A redback zombie (D:15)
  2 efreet (D:15)
  A freezing wraith (D:15)
  2 ice devils (D:12)
  A merfolk (shapeshifter) (Elf:1)
  3 polar bears
  A red devil (Volcano)
  2 tengu conjurers (D:13)
  13 hornets
  4 bloated husks
  11 tyrant leeches
  5 hydra zombies (Swamp:4)
  5 trolls
  6 slime creatures
  16 blink frogs
  5 dream sheep (Lair:4)
  5 spectral swamp dragons (Swamp:4)
  An alligator zombie (Swamp:4)
  20 yaks
  3 shadows
  4 air elementals
  10 spriggans
  6 water elementals
  3 centaur simulacra
  A vampire (D:13)
  8 wraiths
  A wyvern (D:9)
  6 basilisks
  5 fire elementals
  A redback simulacrum (D:15)
  11 vampire mosquitoes
  3 wargs
  10 swamp worms
  5 hell hounds
  20 water moccasins
  38 orc warriors
  A sky beast (D:6)
  4 swamp drakes
  6 black bears
  2 swamp dragon zombies (Swamp:4)
  3 necrophages
  5 wolves (Lair:6)
  22 centaurs
  6 ogres
  6 phantoms (Swamp:4)
  4 scorpions (Lair:3)
  11 bullfrogs
  4 earth elementals
  A gnoll sergeant (D:11)
  4 killer bees
  4 troll skeletons (Swamp:4)
  4 wights (D:7)
  3 centaur zombies
  7 jellies
  A gnoll shaman (D:9)
  10 orc priests
  2 hounds (D:6)
  3 centaur skeletons
  3 scorpion zombies
  2 iguanas
  A spectral swamp drake (Swamp:4)
  14 orc wizards
  Terence (D:2)
  A killer bee zombie (D:9)
  A hound zombie (D:5)
  A hound skeleton (D:4)
  10 gnolls
  2 swamp drake zombies (Swamp:4)
  11 adders
  A howler monkey skeleton (D:5)
  An ufetubus (D:6)
  An adder zombie (D:5)
  3 worms
  A dart slug (D:5)
  47 orcs
  A bat zombie (D:7)
  8 endoplasms
  2 giant cockroaches
  11 goblins
  10 hobgoblins
  13 jackals
  3 quokkas
  7 ball pythons
  5 bats
  A frilled lizard (D:1)
  20 kobolds
  4 rats
  A rat zombie (D:7)
  5 bushes (Lair:3)
  A fulminant prism (Lair:3)
803 creatures vanquished.

Vanquished Creatures (collateral kills)
  Azrael (Orc:2)
  An eleionoma (Swamp:2)
  A centaur warrior (Orc:2)
  An alligator (Swamp:2)
  A deep elf knight (Elf:1)
  A deep elf archer (Elf:1)
  2 deep elf pyromancers (Elf:1)
  2 orc warriors (Orc:2)
  An ogre (Orc:2)
  2 orc wizards (Orc:2)
  An orc (Orc:2)
14 creatures vanquished.

Vanquished Creatures (others)
  22 dancing weapons
  A wizard (D:15)
  An unseen horror (D:12)
  A bloated husk (Swamp:4)
  2 yaks (D:9)
  A centaur (D:15)
  An electric eel (D:15)
  4 foxfires
  577 fulminant prisms
  31 fungi
  79 plants
  2 withered plants (Orc:1)
722 creatures vanquished.

Grand Total: 1539 creatures vanquished

Notes
Turn   | Place    | Note
-------+----------+-------------------------------------------
     0 | D:1      | Deep1 the Deep Elf Conjurer began the quest for the Orb.
     0 | D:1      | Reached XP level 1. HP: 10/10 MP: 6/6
   177 | D:1      | You fall into a shaft and drop 1 floor!
   293 | D:1      | Reached XP level 2. HP: 15/15 MP: 5/8
   296 | D:1      | Learned a level 2 spell: Searing Ray
   422 | D:1      | Reached skill level 5 in Conjurations
   913 | D:2      | Noticed Terence
   983 | D:3      | Reached XP level 3. HP: 19/19 MP: 7/10
  1072 | D:4      | Reached skill level 4 in Spellcasting
  1287 | D:2      | Reached XP level 4. HP: 24/24 MP: 8/12
  1336 | D:2      | Learned a level 4 spell: Iskenderun's Mystic Blast
  1341 | D:2      | Learned a level 4 spell: Fulminant Prism
  1344 | D:2      | Found a faded altar of an unknown god.
  1997 | D:2      | Killed Terence
  2025 | D:2      | Reached skill level 5 in Spellcasting
  2405 | D:4      | Reached XP level 5. HP: 17/28 MP: 5/14
  2536 | D:5      | Entered Level 5 of the Dungeon
  2764 | D:5      | Found Rait's Assorted Antiques.
  2829 | D:5      | Noticed a sky beast
  2986 | D:5      | Reached skill level 6 in Spellcasting
  2989 | D:5      | Noticed an ogre
  3016 | D:5      | Killed an ogre
  3017 | D:5      | Reached XP level 6. HP: 32/32 MP: 2/17
  3106 | D:3      | Found an opulent altar of Gozag.
  3114 | D:3      | Became a worshipper of Gozag Ym Sagoz the Greedy
  3136 | D:3      | Learned a level 3 spell: Ozocubu's Armour
  3141 | D:3      | Learned a level 4 spell: Leda's Liquefaction
  3417 | D:3      | Found a broken altar of Ashenzari.
  3521 | D:4      | Reached skill level 1 in Hexes
  3534 | D:4      | Reached skill level 7 in Spellcasting
  4109 | D:4      | Found a white marble altar of Elyvilon.
  4210 | D:4      | Reached XP level 7. HP: 36/36 MP: 0/20
  5479 | D:5      | Bought a scroll of identify for 50 gold pieces
  5539 | D:6      | Reached skill level 8 in Spellcasting
  5736 | D:6      | Reached skill level 9 in Spellcasting
  5745 | D:6      | Reached XP level 8. HP: 41/41 MP: 6/23
  5977 | D:6      | Reached skill level 1 in Translocations
  6244 | D:7      | Reached skill level 10 in Spellcasting
  6298 | D:7      | Learned a level 3 spell: Swiftness
  6320 | D:7      | Found a staircase to the Ecumenical Temple.
  6331 | Temple   | Entered the Ecumenical Temple
  6524 | D:7      | Noticed Joseph
  6577 | D:7      | Killed Joseph
  6578 | D:7      | Reached skill level 11 in Spellcasting
  6616 | D:7      | Noticed Harold
  6837 | D:7      | Reached XP level 9. HP: 45/45 MP: 19/26
  6923 | D:7      | Identified 2 scrolls of acquirement
  6924 | D:7      | Acquired the +4 hunting sling of the Lusting Soothsayer
                  | {venom, rF+}
  6950 | D:7      | Acquired the ring "Purchoig" {rF++ rCorr Str+6}
  7309 | D:7      | Found an ancient bone altar of Kikubaaqudgha.
  7785 | D:7      | Killed Harold
  7786 | D:7      | Reached skill level 12 in Spellcasting
  7985 | D:8      | Reached skill level 1 in Fighting
  8035 | D:8      | Identified the +7 rapier of the First Interlopers {vorpal,
                  | Int+3}
  8114 | D:8      | Found a shimmering altar of Xom.
  8121 | D:8      | Learned a level 2 spell: Blink
  8125 | D:8      | Learned a level 3 spell: Portal Projectile
  8208 | D:8      | Found Citijuiv's Antique Armour Boutique.
  8331 | D:8      | Found a radiant altar of Vehumet.
  8566 | D:9      | Found a hide-covered altar of Uskayaw.
  8656 | D:9      | Reached skill level 1 in Slings
  8657 | D:9      | Reached skill level 13 in Spellcasting
  8811 | D:9      | Found a snail-covered altar of Cheibriados.
  8811 | D:9      | Found a shadowy altar of Dithmenos.
  8969 | D:9      | Reached XP level 10. HP: 52/52 MP: 18/29
  9142 | D:9      | Found a stormy altar of Qazlal.
  9507 | D:9      | Found Fomoip's Assorted Antiques.
  9513 | D:9      | Bought a scroll of blinking for 217 gold pieces
  9878 | D:10     | Entered Level 10 of the Dungeon
  9878 | D:10     | Found a flagged portal.
  9878 | D:10     | Noticed a two-headed ogre
  9885 | D:10     | Found a staircase to the Lair.
  9887 | D:10     | Killed a two-headed ogre
  9929 | Bailey   | Entered a bailey
 10049 | Bailey   | Noticed an orc warlord
 10178 | Bailey   | Reached skill level 14 in Spellcasting
 10198 | Bailey   | Found a runed translucent gate.
 10200 | Bailey   | Found a runed translucent gate.
 10201 | Bailey   | Found a runed translucent gate.
 10318 | Bailey   | Killed an orc warlord
 10319 | Bailey   | Reached skill level 10 in Conjurations
 10319 | Bailey   | Reached skill level 5 in Hexes
 10388 | Bailey   | Reached skill level 5 in Stealth
 10388 | Bailey   | Reached skill level 1 in Shields
 10388 | Bailey   | Reached skill level 15 in Spellcasting
 10388 | Bailey   | Reached skill level 1 in Transmutations
 10388 | Bailey   | Reached skill level 1 in Fire Magic
 10388 | Bailey   | Reached skill level 1 in Ice Magic
 10388 | Bailey   | Reached skill level 1 in Air Magic
 10388 | Bailey   | Reached skill level 1 in Earth Magic
 10388 | Bailey   | Reached XP level 11. HP: 20/59 MP: 15/32
 10591 | Bailey   | Acquired the amulet of Mylimpe {Drain Regen+ Dex+6 SInv}
 10618 | D:10     | Found a portal to a secret trove of treasure.
 10618 | D:10     | Found a burning altar of Makhleb.
 10786 | D:10     | Found a basalt altar of Yredelemnul.
 10787 | D:10     | Noticed a two-headed ogre
 10791 | D:10     | Noticed a wizard
 10792 | D:10     | Killed a two-headed ogre
 10795 | D:10     | Killed a wizard
 11011 | D:10     | Found a hazy altar of Hepliaklqana.
 11172 | D:10     | Learned a level 3 spell: Gell's Gravitas
 11176 | D:10     | Learned a level 3 spell: Lesser Beckoning
 11180 | D:10     | Learned a level 3 spell: Teleport Other
 11541 | D:11     | Reached XP level 12. HP: 64/64 MP: 18/33
 11814 | D:11     | Found a staircase to the Orcish Mines.
 12136 | D:11     | Found Hezot's Armour Emporium.
 12180 | D:11     | Bought a +0 helmet for 58 gold pieces
 12180 | D:11     | Bought a +0 buckler for 58 gold pieces
 12358 | D:12     | Noticed a two-headed ogre
 12362 | D:12     | Noticed Gastronok
 12366 | D:12     | Killed a two-headed ogre
 12517 | D:12     | Noticed Urug
 12528 | D:11     | Killed Gastronok
 12529 | D:11     | Reached skill level 5 in Translocations
 12655 | D:12     | Noticed an eight-headed hydra
 12657 | D:12     | Reached skill level 16 in Spellcasting
 12665 | D:12     | Killed an eight-headed hydra
 12813 | D:12     | Killed Urug
 12814 | D:12     | Upgraded the game from 0.28-a0-2-g643f2454ad to
                  | 0.28-a0-8-g6e044cfa68
 12996 | D:12     | Noticed Snorg
 13277 | D:12     | Killed Snorg
 13554 | D:12     | Learned a level 4 spell: Passage of Golubria
 14376 | D:13     | Noticed a centaur warrior
 14393 | D:13     | Killed a centaur warrior
 14946 | D:14     | Noticed a boulder beetle
 14958 | D:14     | Killed a boulder beetle
 14983 | D:14     | Noticed a centaur warrior
 14994 | D:14     | Killed a centaur warrior
 14995 | D:14     | Reached XP level 13. HP: 59/69 MP: 3/35
 15190 | D:14     | Found Vebry's Antique Armour Emporium.
 15226 | D:14     | Found Hapoass's Antique Weapon Shoppe.
 15515 | D:14     | Found a gate to the Vaults.
 15569 | D:14     | Reached skill level 17 in Spellcasting
 15672 | D:15     | Entered Level 15 of the Dungeon
 15809 | D:15     | Found Ihuff's Blood Bar.
 15966 | D:15     | Reached skill level 5 in Slings
 17323 | D:15     | Reached skill level 18 in Spellcasting
 17815 | D:14     | Found a sacrificial altar of Ru.
 17842 | D:14     | Found a hazy altar of Hepliaklqana.
 17876 | D:14     | Found a sparkling altar of Nemelex Xobeh.
 17876 | D:14     | Found a shimmering altar of Xom.
 17878 | D:14     | Found a radiant altar of Vehumet.
 17878 | D:14     | Found a glowing silver altar of Zin.
 17878 | D:14     | Found a glowing golden altar of the Shining One.
 18094 | D:14     | Found Vetoq's Distillery.
 18128 | D:14     | Reached XP level 14. HP: 14/75 MP: 1/38
 18296 | D:14     | Bought a potion of heal wounds for 85 gold pieces
 18296 | D:14     | Bought a potion of flight for 51 gold pieces
 18296 | D:14     | Bought a potion of haste for 170 gold pieces
 18296 | D:14     | Bought a potion of degeneration for 17 gold pieces
 18296 | D:14     | Bought a potion of haste for 170 gold pieces
 19110 | D:15     | Found a staircase to the Depths.
 19123 | Depths:1 | Entered Level 1 of the Depths
 19127 | Depths:1 | Noticed a stone giant
 19134 | Depths:1 | Reached skill level 19 in Spellcasting
 19405 | D:15     | Found Det Foidd's Book Shop.
 19609 | Lair:1   | Entered Level 1 of the Lair of Beasts
 20189 | Lair:1   | Noticed Fannar
 20214 | Lair:1   | Killed Fannar
 20514 | Lair:2   | Found an opulent altar of Gozag.
 21263 | Lair:2   | Learned a level 6 spell: Iron Shot
 21265 | Lair:2   | Identified the +5 war axe of the Heart {vorpal, rElec rCorr
                  | Str+4 Dex-2}
 21855 | Lair:2   | Learned a level 6 spell: Dispersal
 22171 | Lair:3   | Reached skill level 20 in Spellcasting
 22770 | Lair:3   | Found a staircase to the Swamp.
 22833 | Lair:3   | Found a blossoming altar of Fedhas.
 22958 | Lair:3   | Learned a level 2 spell: Passwall
 23164 | Lair:3   | Found a hole to the Spider Nest.
 23442 | Orc:1    | Entered Level 1 of the Orcish Mines
 23497 | Orc:1    | You fall into a shaft and drop 1 floor!
 23497 | Orc:2    | Entered Level 2 of the Orcish Mines
 23497 | Orc:2    | Found a staircase to the Elven Halls.
 23507 | Orc:2    | Noticed Josephine
 23509 | Orc:2    | Noticed Jorgrun
 23525 | Orc:2    | Noticed Azrael
 23525 | Orc:2    | Killed Josephine
 23526 | Orc:2    | Reached XP level 15. HP: 37/80 MP: 4/41
 23545 | Orc:2    | Killed Jorgrun
 24009 | Orc:1    | Found a runed translucent door.
 24009 | Orc:1    | Noticed Vudysif's ghost (journeyman GrFi)
 24037 | Orc:1    | Found a shimmering blue altar of Sif Muna.
 24084 | Orc:1    | Killed Vudysif's ghost
 24636 | Orc:1    | Got Sif Muna's Papyrus of Cold
 24707 | Orc:2    | Reached skill level 5 in Dodging
 24954 | Orc:2    | Killed Azrael
 24960 | Orc:2    | Reached skill level 5 in Fighting
 25239 | D:5      | Bought a potion of heal wounds for 125 gold pieces
 25239 | D:5      | Bought a potion of curing for 75 gold pieces
 25239 | D:5      | Bought a wand of digging (3) for 200 gold pieces
 25239 | D:5      | Bought a scroll of teleportation for 75 gold pieces
 25397 | D:9      | Bought a scroll of summoning for 275 gold pieces
 25397 | D:9      | Bought an ivory wand for 116 gold pieces
 25397 | D:9      | Bought 3 scrolls of enchant armour for 652 gold pieces
 25397 | D:9      | Bought a potion of flight for 87 gold pieces
 25642 | Lair:4   | Noticed Nessos
 25652 | Lair:4   | Killed Nessos
 27184 | Lair:6   | Entered Level 6 of the Lair of Beasts
 27185 | Lair:6   | Found a dark tunnel.
 27194 | Volcano  | Entered a volcano
 27449 | Lair:6   | Reached skill level 10 in Hexes
 27855 | Lair:6   | Found a staircase to the Slime Pits.
 27877 | Lair:6   | Noticed Vorcheb's ghost (journeyman OpCj)
 27895 | Lair:6   | Found a runed translucent gate.
 27895 | Lair:6   | Found a runed translucent gate.
 27895 | Lair:6   | Found a runed translucent gate.
 30529 | Orc:2    | Found Kejedgh's Antique Armour Shop.
 30529 | Orc:2    | Found Keuthet's Antique Armour Emporium.
 30531 | Orc:2    | Found Mext's General Store.
 30533 | Orc:2    | Found Lemirak's Weapon Boutique.
 30546 | Orc:2    | Noticed Sonja
 30555 | Orc:2    | Killed Sonja
 30556 | Orc:2    | Reached skill level 21 in Spellcasting
 30589 | Orc:2    | Bought a scroll of identify for 20 gold pieces
 30594 | Orc:2    | Bought a pair of transparent boots for 237 gold pieces
 30594 | Orc:2    | Identified the +0 pair of boots of Umipycun {rC+} (You
                  | bought it in a shop on level 2 of the Orcish Mines)
 30594 | Orc:2    | Bought a runed buckler for 187 gold pieces
 30930 | Swamp:1  | Entered Level 1 of the Swamp
 30936 | Swamp:1  | Reached XP level 16. HP: 88/88 MP: 19/43
 32045 | Swamp:2  | Learned a level 3 spell: Mephitic Cloud
 32052 | Swamp:2  | Learned a level 5 spell: Fireball
 32496 | Swamp:3  | Identified the ring of the Will of the Gods {rPois Int+6
                  | Dex-3 Slay+2 Stlth+}
 32526 | Swamp:3  | Reached skill level 5 in Evocations
 33397 | Swamp:4  | Entered Level 4 of the Swamp
 34478 | Swamp:4  | Reached skill level 22 in Spellcasting
 35955 | Swamp:4  | Noticed a bone dragon
 35993 | Swamp:4  | Killed a bone dragon
 35994 | Swamp:4  | Reached skill level 15 in Conjurations
 36763 | Swamp:4  | Got a decaying rune of Zot
 37092 | Elf:1    | Entered Level 1 of the Elven Halls
 37125 | Elf:1    | Reached skill level 10 in Translocations
 37151 | Elf:1    | Reached XP level 17. HP: 84/93 MP: 17/45
 37248 | Elf:1    | You fall into a shaft and drop 1 floor!
 37583 | Elf:2    | Found a runed translucent gate.
 37584 | Elf:2    | Found a runed translucent gate.
 37585 | Elf:2    | Found a runed translucent gate.
 37739 | Elf:2    | Paralysed by an air elemental for 1 turns
 37774 | Elf:2    | Identified the +8 falchion "Diuwk" {elec, rElec rF+ Dex+3}
 38132 | Elf:1    | Found Wucef's Antique Armour Emporium.
 38135 | Elf:1    | Bought a pair of ichor-stained boots for 342 gold pieces
 38135 | Elf:1    | Identified the +4 pair of boots of a bazaar {Dex+6} (You
                  | bought it in a shop on level 1 of the Elven Halls)
 38135 | Elf:1    | Bought a pair of runed gloves for 270 gold pieces
 38135 | Elf:1    | Bought a pair of ichor-stained gloves for 342 gold pieces
 38135 | Elf:1    | Identified the +1 pair of gloves "Vilythutt" {rF+++ Regen+
                  | rCorr Str-2} (You bought it in a shop on level 1 of the
                  | Elven Halls)
 38216 | Elf:1    | Reached skill level 23 in Spellcasting
 38405 | Elf:1    | Identified the +1 leather armour of Pan-Flutes {Rampage rC-
                  | Dex+3 Stlth+}
 40031 | Elf:2    | Reached skill level 24 in Spellcasting
 40321 | Elf:3    | Entered Level 3 of the Elven Halls
 40516 | Elf:3    | Found Zischix's Neck Hole.
 40544 | Elf:3    | Noticed a deep elf blademaster
 40554 | Elf:3    | Killed a deep elf blademaster
 40559 | Elf:3    | Noticed a deep elf master archer
 40560 | Elf:3    | Identified the amulet "Erixoyto" {Rampage rPois Regen+}
 40562 | Elf:3    | Reached XP level 18. HP: 60/95 MP: 9/48
 40567 | Elf:3    | Killed from afar by a deep elf high priest

Illustrated notes

Levels and vault maps discovered:
D:1:      grunt_arrival_lava_bath, layout_loops_corners
D:2:      layout_loops_corners, chequers_ecumenical_altar_lobes,
          minmay_pentomino_u2, uniq_terence
D:3:      layout_rooms, mainiacjoe_overflow_large_starburst
D:4:      layout_rooms, kennysheep_little_box
D:5:      wad_crossroads, layout_basic, serial_shops, nicolae_square_shop,
          minivault_26, minmay_holes, abandoned_shop
D:6:      layout_cave_pools
D:7:      layout_loops_ring, lemuel_zombie_altar_kikubaaqudgha,
          minmay_temple_entry_stoned_glass, uniq_harold, uniq_joseph
D:8:      layout_basic, overflow_temple_1_default, lemuel_doored_altar,
          serial_shops, nicolae_lakefront_shop
D:9:      layout_stronghold, gammafunk_temple_overflow_statue,
          nicolae_qazlal_scattered_showers, mainiacjoe_overflow_cross_hatched,
          kennysheep_small_circle
D:10:     layout_rooms, overflow_temple_1_default,
          nicolae_overflow_crystal_walls, mainiacjoe_overflow_alcove_4,
          lair_entry_dummy, enter_bailey_5, enter_trove_0
D:11:     layout_long_grid, orc_0_dummy, serial_shops, shop_statue,
          kennysheep_generic_room_10
D:12:     layout_cross, portal_ice_cave_demonic_guard, gauntlet_entry_generic,
          uniq_snorg, uniq_urug, uniq_gastronok
D:13:     layout_basic
D:14:     layout_layer_cave, erik_vaults_1, doesnt_xom_only_xom, serial_shops,
          nicolae_shop_behind_doors, shop, nicolae_shop_behind_doors,
          nicolae_ru_path_of_blood
D:15:     grunt_enter_depths_magical_seal, layout_basic, serial_shops,
          nicolae_shop_trees, minmay_misc_feat_four_crosses, st_stairs_9,
          guppyfry_shop_blood
Temple:   compressed_dpeg_triangle_lava_temple
Lair:1:   layout_cave_pods, lemuel_fruit_fields, lemuel_fruit_tree,
          infiniplex_staircase_pool_2, uniq_fannar
Lair:2:   nzn_winding_woodlands_stair_cross [nzn_winding_woodlands_5x15_parted,
          nzn_winding_woodlands_center_diamonds,
          nzn_winding_woodlands_5x15_zeroes, nzn_winding_woodlands_5x5_three,
          nzn_winding_woodlands_5x5_checkerboard,
          nzn_winding_woodlands_5x15_crooked,
          nzn_winding_woodlands_center_lodge,
          nzn_winding_woodlands_5x15_default], layout_big_grid, basic_altar
Lair:3:   layout_loops_ring, skrybe_swamp_entry_bodies,
          nicolae_spider_entry_non_spiders, tgw_fedhas
Lair:4:   layout_gridlike, uniq_nessos
Lair:5:   layout_gridlike, serial_bayou_crossing, grunt_megastairs_4
Lair:6:   grunt_lair_end_beastmaster, layout_gridlike,
          nicolae_slime_entry_slimehenge, maelrawn_ghost_gauntlet_escape,
          nicolae_volcano_entry_lava_flow
Swamp:1:  layout_falls_marsh, evilmike_swamp_ruin_house_6
Swamp:2:  layout_basic_swamp, nicolae_swamp_tree_designs, swamp_pool3
Swamp:3:  layout_falls_marsh, hangedman_swamp_ruin_wall
Swamp:4:  swamp_pestilence, layout_basic_swamp, swamp_pool5,
          cheibrodos_swamp_minitomb
Orc:1:    layout_diamond_mine, gammafunk_ghost_grave, led_sif_book
Orc:2:    st_orc_rangers, layout_caves, basic_altar, uniq_jorgrun,
          uniq_josephine, uniq_sonja, uniq_azrael
Elf:1:    eino_elf_arrival_the_gate, layout_gridlike, serial_shops,
          nicolae_take_the_stairs, hangedman_elf_represent, grunt_megastairs_3
Elf:2:    elven_hall_of_blades_hangedman_original [nicolae_blade_lattice],
          layout_loops_corners, st_stairs_3, fake_guardian_serpent_vault
Elf:3:    minmay_elf_hall_x, layout_geoelf_diagonals, minmay_strange_pillars,
          nicolae_shop_sticking_my_neck_out
Depths:1: layout_cave_pools, enter_ziggurat_b, ebering_dispersal_statue_hall,
          grunt_hell_horde, gammafunk_ghost_split, pan_entry,
          hangedman_blasphemy, firewood_loft

Skill      XL: |  1  2  3  4  5  6  7  8  9 10 11 12 13 14 15 16 17 |
---------------+----------------------------------------------------+-----
Conjurations   | 5 6 7 8 9 10 11 12 13 14 15 | 15.9
Spellcasting   | 4 5 6 7 9 11 13 15 16 18 20 21 22 24 | 24.2
Hexes          | 1 2 3 4 5 6 7 8 9 10 11 12 | 12.3
Stealth        | 3 4 5 |  5.8
Dodging        | 3 4 5 |  5.6
Translocations | 1 2 4 6 8 9 10 | 10.6
Fighting       | 1 2 3 4 6 |  6.1
Slings         | 1 2 3 4 5 7 |  7.8
Shields        | 1 3 4 |  4.7
Summonings     | 2 |  2.1
Necromancy     | 2 |  2.0
Transmutations | 1 |  1.9
Fire Magic     | 1 2 |  2.0
Ice Magic      | 1 2 |  2.5
Air Magic      | 1 2 |  2.3
Earth Magic    | 1 2 3 4 |  4.8
Poison Magic   | 2 |  2.1
Evocations     | 2 3 4 5 |  5.5
Throwing       | |  0.8

Action                   |  1- 3 |  4- 6 |  7- 9 | 10-12 | 13-15 | 16-18 || total
-------------------------+-------+-------+-------+-------+-------+-------++-------
Melee: Unarmed           |       |     5 |       |       |       |       ||     5
 Fire: Hunting sling     |       |       |     9 |    72 |   359 |    81 ||   521
Throw: Dart              |       |       |       |     3 |       |       ||     3
 Cast: Magic Dart        |    52 |    45 |    29 |    35 |    33 |       ||   194
       Searing Ray       |     5 |    27 |    23 |    29 |    50 |    39 ||   173
       Fulminant Prism   |       |    15 |    25 |    74 |   259 |   205 ||   578
       Iskenderun's Myst |       |     5 |    22 |    63 |   236 |   156 ||   482
       Swiftness         |       |       |     1 |     3 |     2 |       ||     6
       Portal Projectile |       |       |     1 |     1 |    10 |       ||    12
       Blink             |       |       |       |     8 |     7 |     5 ||    20
       Leda's Liquefacti |       |       |       |     5 |     5 |       ||    10
       Ozocubu's Armour  |       |       |       |     2 |     2 |       ||     4
       Iron Shot         |       |       |       |       |    36 |    61 ||    97
       Passwall          |       |       |       |       |     4 |     3 ||     7
       Fireball          |       |       |       |       |       |    14 ||    14
       Dispersal         |       |       |       |       |       |     2 ||     2
       Mephitic Cloud    |       |       |       |       |       |     1 ||     1
Evoke: Wand              |       |       |       |    33 |    32 |    14 ||    79
       Condenser vane    |       |       |       |     1 |     2 |     2 ||     5
       Phial of floods   |       |       |       |     1 |     3 |     1 ||     5
       Piece from Xom's  |       |       |       |       |     3 |       ||     3
       Box of beasts     |       |       |       |       |     1 |     1 ||     2
       Lightning rod     |       |       |       |       |       |     9 ||     9
  Use: Scroll            |       |     6 |    12 |     5 |    23 |    19 ||    65
       Potion            |       |     1 |     3 |    10 |    16 |     7 ||    37
Armor: Robe              |       |     3 |       |    10 |    19 |    20 ||    52
Dodge: Dodged            |     3 |     9 |    16 |    43 |    96 |    36 ||   203
       Repelled          |       |       |       |       |     6 |    12 ||    18
Block: Buckler           |       |       |       |     2 |    82 |    36 ||   120
       Reflection        |       |       |       |       |    47 |    14 ||    61

Table legend: (Time is in decaauts)
 A = Elapsed time spent in this place.
 B = Non-inter-level travel time spent in this place.
 C = Inter-level travel time spent in this place.
 D = Time resting spent in this place.
 E = Time spent auto-exploring this place.
 F = Levels seen in this place.
 G = Mean time per level.
                   A        B        C        D        E       F      G
               +--------+--------+--------+--------+--------+-----+--------+
         Total |  40854 |  19998 |  20856 |  13545 |      0 |  34 | 1201.6 |
       Dungeon |  19569 |   8004 |  11565 |   5560 |      0 |  15 | 1304.6 |
        Temple |     75 |      1 |     74 |      0 |      0 |   1 |   75.0 |
          Lair |   7629 |   3610 |   4019 |   2509 |      0 |   6 | 1271.5 |
         Swamp |   5954 |   3764 |   2190 |   2700 |      0 |   4 | 1488.5 |
  Orcish Mines |   3268 |   1715 |   1553 |   1026 |      0 |   2 | 1634.0 |
   Elven Halls |   3474 |   2020 |   1454 |   1376 |      0 |   3 | 1158.0 |
        Depths |     11 |     11 |      0 |      0 |      0 |   1 |   11.0 |
        Bailey |    659 |    659 |      0 |    364 |      0 |   1 |  659.0 |
       Volcano |    211 |    211 |      0 |      8 |      0 |   1 |  211.0 |
               +--------+--------+--------+--------+--------+-----+--------+

Top non-repeatable levels by time:
    D:15: 2785 daAuts
 Swamp:4: 2613 daAuts
    D:14: 2077 daAuts
 Swamp:3: 1985 daAuts
    D:11: 1784 daAuts
  Lair:2: 1782 daAuts
   Elf:2: 1725 daAuts
  Lair:6: 1683 daAuts
   Orc:2: 1641 daAuts
   Orc:1: 1627 daAuts
  Lair:3: 1588 daAuts
     D:5: 1537 daAuts
   Elf:1: 1503 daAuts
     D:9: 1464 daAuts
     D:7: 1340 daAuts
